 Dungeon Crawl Stone Soup version 0.17.1-1-g73c8601 (webtiles) character file.

1110 Implojin the Grappler (level 8, 0/74 HPs)
             Began as a Troll Monk on Apr 4, 2016.
             Was a Priest of Cheibriados.
             Slain by a gnoll
             ... wielding a +0 spear
              (6 damage)
             ... on level 7 of the Dungeon.
             The game lasted 00:06:14 (978 turns).

Implojin the Grappler (Troll Monk)                   Turns: 978, Time: 00:06:14

Health: 0/74       AC:  5    Str: 26    XL:     8   Next: 11%
Magic:  7/7        EV:  6    Int: 12    God:    Cheibriados [***...]
Gold:   43         SH:  0    Dex: 20    Spells: 0 memorised, 7 levels left

rFire  . . .     SeeInvis .       - Unarmed
rCold  . . .     Clarity  .     a - +0 robe
rNeg   . . .     SustAt   +     (no shield)
rPois  .         Gourm    +     (helmet restricted)
rElec  .         Spirit   .     (no cloak)
rCorr  .         Warding  .     (gloves unavailable)
rMut   .         Stasis   .     (boots unavailable)
MR     .....                    (no amulet)
Stlth  ++........               (no ring)
                                f - ring of sustain attributes

@: very slightly contaminated, very slow, not resistant to hostile enchantments,
unstealthy
A: unfitting armour, claws 3, fast metabolism 3, gourmand, regeneration 2,
shaggy fur 1, tough skin 2
a: Bend Time, Temporal Distortion, Renounce Religion


You were on level 7 of the Dungeon.
You worshipped Cheibriados.
Cheibriados was most pleased with you.
You were very full.

You visited 2 branches of the dungeon, and saw 8 of its levels.

You collected 43 gold pieces.

Inventory:

Armour
 a - a +0 robe (worn)
Jewellery
 f - a ring of sustain attributes (left claw)
Scrolls
 c - 4 scrolls of remove curse {unknown}
 d - a scroll of recharging {unknown}
 e - a scroll of enchant weapon
 h - a scroll of identify {unknown}
 j - a scroll of blinking
 k - a scroll of immolation {unknown}
Potions
 g - a potion of haste {unknown}
 i - a potion of poison {unknown}
 n - a potion of agility {unknown}
 o - a potion of heal wounds {unknown}
 p - a potion of might {unknown}
Comestibles
 b - 3 bread rations
 m - a royal jelly


   Skills:
 - Level 2.4 Fighting
 - Level 2.4 Dodging
 - Level 1.1 Stealth
 * Level 10.3 Unarmed Combat


You had 7 spell levels left.
You didn't know any spells.

Dungeon Overview and Level Annotations

Branches:
Dungeon (7/15)             Temple (1/1) D:4

Altars:
Ashenzari
Cheibriados
Dithmenos
Elyvilon
Fedhas
Gozag
Kikubaaqudgha
Makhleb
Nemelex Xobeh
Okawaru
Ru
Vehumet
Yredelemnul
The Shining One

Shops:
D:6 [


Innate Abilities, Weirdness & Mutations

You are too large for most types of armour.
You have claws for hands.
Your metabolism is lightning-fast.
You like to eat raw meat.
You heal very quickly.
You are covered in fur (AC +1).
You have very tough skin (AC +2).


Message History

You claw the gnoll!
You kill the gnoll!
Cheibriados appreciates the change of pace.
You claw the gnoll!
The gnoll is almost dead.
The gnoll closely misses you.
You closely miss the gnoll.
The gnoll is almost dead.
The gnoll closely misses you.
You barely miss the gnoll.
The gnoll is almost dead.
The gnoll hits you with a flail.
* * * LOW HITPOINT WARNING * * *
You mangle the gnoll!!
You kill the gnoll!
Cheibriados appreciates the change of pace.
The gnoll hits you from afar with a spear.
* * * LOW HITPOINT WARNING * * *
Drink which item? (? for menu, Esc to quit)
Okay, then.
Read which item? (? for menu, Esc to quit)
As you read the scroll labeled KAIFOD JOAN, it crumbles to dust.
It is a scroll of enchant weapon.
You aren't carrying any weapons that can be enchanted.
The gnoll closely misses you.
Read which item? (? for menu, Esc to quit)
Blink to where?
Press: ? - help, Dir - move target cursor You are very lightly contaminated with residual magic.
As you read the scroll labeled MIZEOT ULAKOGUSCH, it crumbles to dust.
It was a scroll of blinking.
Found a jewelled leather armour.
The gnoll hits you from afar with a halberd!
* * * LOW HITPOINT WARNING * * *
There is an escape hatch in the floor here.
Unknown command.
The gnoll hits you from afar with a halberd!
* * * LOW HITPOINT WARNING * * *
The gnoll hits you from afar with a spear.
You die...

.. ############ #(#
#.........[# #.#
#..........# #.#.#
#..........# #.#.#
#..........# #.#.#
#..........########.#.##
#..[..?@.gg'...)ยง.......
#........g.########.#.##
#..........########.#.##
#....>.....+............
#..........###.####)#.##
############ #......#.#
########.# ###'## #....#


You could see 3 gnolls.

Vanquished Creatures
  Grinder (D:6)
  5 ogres
  A giant frog (D:5)
  A gnoll sergeant (D:7)
  A scorpion (D:4)
  A hound (D:6)
  A jelly (D:6)
  An orc wizard (D:4)
  2 orc priests (D:4)
  4 worker ants
  A hound skeleton (D:6)
  2 gnolls (D:7)
  An adder (D:4)
  2 adder skeletons
  An orc (D:4)
  4 giant cockroaches
  A goblin (D:1)
  2 hobgoblins (D:1)
  A giant gecko (D:1)
  A giant gecko skeleton (D:7)
  3 giant newts
  A quokka (D:7)
  A rat (D:1)
39 creatures vanquished.

Notes
Turn   | Place    | Note
--------------------------------------------------------------
     0 | D:1      | Implojin the Troll Monk began the quest for the Orb.
     0 | D:1      | Reached XP level 1. HP: 22/22 MP: 0/0
   226 | D:4      | Found a radiant altar of Vehumet.
   233 | D:4      | Reached XP level 2. HP: 29/29 MP: 1/1
   250 | D:4      | Noticed a scorpion
   267 | D:4      | Killed a scorpion
   267 | D:4      | Reached skill level 5 in Unarmed Combat
   267 | D:4      | Reached XP level 3. HP: 32/36 MP: 2/2
   282 | D:4      | Noticed an ogre
   294 | D:4      | Found a shattered altar of Ashenzari.
   305 | D:4      | Killed an ogre
   305 | D:4      | Reached skill level 6 in Unarmed Combat
   305 | D:4      | Reached XP level 4. HP: 20/44 MP: 3/3
   305 | D:4      | Reached XP level 5. HP: 22/50 MP: 4/4
   335 | D:4      | Found a staircase to the Ecumenical Temple.
   358 | Temple   | Entered the Ecumenical Temple
   403 | Temple   | Became a worshipper of Cheibriados the Contemplative
   403 | Temple   | Reached * piety under Cheibriados
   403 | Temple   | Reached ** piety under Cheibriados
   434 | D:4      | Noticed an orc priest
   437 | D:4      | Noticed an orc priest
   437 | D:4      | Noticed an ogre
   438 | D:4      | Noticed an orc wizard
   450 | D:4      | Killed an orc priest
   467 | D:4      | Killed an orc priest
   467 | D:4      | Reached skill level 7 in Unarmed Combat
   471 | D:4      | Killed an orc wizard
   476 | D:4      | Killed an ogre
   476 | D:4      | Reached XP level 6. HP: 59/59 MP: 5/5
   498 | D:5      | Entered Level 5 of the Dungeon
   523 | D:5      | Reached skill level 8 in Unarmed Combat
   577 | D:6      | Found Xame's Armour Shop.
   663 | D:6      | Reached XP level 7. HP: 61/66 MP: 6/6
   720 | D:6      | Found an iron altar of Okawaru.
   720 | D:6      | Noticed Grinder
   722 | D:6      | Found a shadowy altar of Dithmenos.
   724 | D:6      | Found an opulent altar of Gozag.
   733 | D:6      | Paralysed by Grinder for 5 turns
   743 | D:6      | Killed Grinder
   743 | D:6      | Reached skill level 9 in Unarmed Combat
   929 | D:7      | Reached *** piety under Cheibriados
   935 | D:7      | Reached skill level 10 in Unarmed Combat
   935 | D:7      | Reached XP level 8. HP: 45/74 MP: 7/7
   978 | D:7      | Slain by a gnoll

Action                   |  1- 3 |  4- 6 |  7- 9 || total
-------------------------+-------+-------+-------++-------
Melee: Unarmed           |    32 |    49 |    49 ||   130
  Use: Scroll            |       |       |     2 ||     2
 Stab: Sleeping          |       |     1 |       ||     1
  Eat: Chunk             |     3 |     7 |     1 ||    11

Table legend:
 A = Turns spent in this place as a percentage of turns spent in the entire game.
 B = Non-inter-level travel turns spent in this place as a percentage of non-inter-level travel turns spent in the entire game.
 C = Inter-level travel turns spent in this place as a percentage of turns spent in this place.
 D = Turns resting spent in this place as a percentage of non-inter-level travel turns spent in this place.
 E = Turns spent auto-exploring this place as a percentage of non-inter-level travel turns spent in this place.
 F = Non-inter-level travel turns spent in this place divided by the number of levels of this place that you've seen.
                   A       B       C       D       E      F
               +-------+-------+-------+-------+-------+----------------------
         Total | 100.0 | 100.0 |   0.0 |   0.0 |   0.0 | 119.8
       Dungeon |  93.9 |  93.9 |   0.0 |   0.0 |   0.0 | 128.6
        Temple |   6.1 |   6.1 |   0.0 |   0.0 |   0.0 |  58.0
               +-------+-------+-------+-------+-------+----------------------

Table legend:
 A = Kills in this place as a percentage of kills in entire the game.
 B = Kills by you in this place as a percentage of kills by you in the entire game.
 C = Kills by friends in this place as a percentage of kills by friends in the entire game.
 D = Other kills in this place as a percentage of other kills in the entire game.
 E = Experience gained in this place as a percentage of experience gained in the entire game.
 F = Experience gained in this place divided by the number of levels of this place that you have seen.
                   A       B       C       D       E      F
               +-------+-------+-------+-------+-------+----------------------
         Total | 100.0 | 100.0 |  -nan |  -nan | 100.0 | 198.2
       Dungeon | 100.0 | 100.0 |  -nan |  -nan | 100.0 | 226.6
               +-------+-------+-------+-------+-------+----------------------
